 Dungeon Crawl Stone Soup version 0.32-a0-841-g4648e6c457 (webtiles) character file.

Game seed: 3813908700589334226

133 Dordric the Slasher (level 5, -8/38 HPs)
             Began as a Coglin Gladiator on Mar 27, 2024.
             Killed by nerve-wracking pain
             ... invoked by an orc priest
              (9 damage)
             ... on level 3 of the Dungeon.
             The game lasted 00:01:27 (1224 turns).

Dordric the Slasher (Coglin Gladiator)              Turns: 1224, Time: 00:01:27

Health: -8/38      AC:  6    Str: 15    XL:     5   Next: 16%
Magic:  5/5        EV: 10    Int:  7    God:
Gold:   105        SH:  0    Dex: 17    Spells: 4/4 levels left

rFire   . . .        a - +0 long sword {Mettia}
rCold   . . .        f - +0 dagger {Jaydra}
rNeg    . . .        i - +0 ring mail
rPois   .            c - +0 helmet
rElec   .            (no cloak)
rCorr   .            (no gloves)
SInv    .            (no boots)
Will    .....        (amulet unavailable)
Stlth   +            (ring unavailable)
HPRegen 0.26/turn    (ring unavailable)
MPRegen 0.09/turn    (no gizmo)

%: no passive effects
@: revved
A: off-hand wielding, slow wielding, warmup strikes, no jewellery
a: Invent Gizmo, Convert to Beogh


You were on level 3 of the Dungeon.
You visited 1 branch of the dungeon, and saw 3 of its levels.

You collected 105 gold pieces.

Inventory:

Hand Weapons
 a - a +0 long sword (weapon) {Mettia}
 f - a +0 dagger (offhand) {Jaydra}
Missiles
 d - 3 throwing nets (quivered)
 e - a javelin
Armour
 b - a +0 leather armour
 c - a +0 helmet (worn)
 i - a +0 ring mail (worn)
Wands
 o - a wand of charming (8)
Scrolls
 j - 2 scrolls of identify {unknown}
 l - a scroll of butterflies {unknown}
 n - a scroll of revelation {unknown}
Potions
 g - a potion of mutation {unknown}
 h - a potion of berserk rage {unknown}
 k - 2 potions of degeneration {unknown}
 m - a potion of lignification {unknown}


   Skills:
 - Level 2.0 Fighting
 + Level 5.7 Long Blades
 - Level 1.7 Throwing
 - Level 2.6 Dodging


You had 4 spell levels left.
You didn't know any spells.
Your spell library contained the following spells:

 Spells                   Type           Power      Damage    Failure   Level
 Brom's Barrelling Bould  Conj/Erth      0%         2d3       100%        4
 Fireball                 Conj/Fire      0%         3d3       100%        5
 Iskenderun's Battlesphe  Conj           0%         2d6       100%        5
 Conjure Ball Lightning   Conj/Air       0%         3x3d6     100%        6
 Orb of Destruction       Conj           0%         9d5       100%        7


Dungeon Overview and Level Annotations

Branches:
Dungeon (3/15)

Altars:


Innate Abilities, Weirdness & Mutations

You can wield a second weapon in your off-hand.
It takes a long time for you to wield or remove held weapons.
Your first few attacks do less damage.
You cannot equip rings or amulets.


Message History

You slash the kobold with your +0 long sword!
You kill the kobold!
The orc priest calls down the wrath of Beogh upon you.
Pain shoots through your body!
* * * LOW HITPOINT WARNING * * *
Unknown command.
You hit the orc but do no damage.
The orc priest shouts, "Beogh offers mercy even to people such as you.
Join us and be reborn!"
You hit the orc with your +0 long sword.
The orc priest shouts, "The Pantheon deserves no one's loyalty.
Let us show you the true path!" The orc hits you but does no damage.
You hit the orc but do no damage.
The orc is lightly wounded.
The orc priest threatens, "Beogh's wrath is as vast as their mercy.
Make your choice!"
You hit the orc with your +0 dagger.
The orc priest threatens, "Beogh's wrath is as vast as their mercy.
Make your choice!" The orc hits you but does no damage.
Okay, then.
You closely miss the orc with your +0 dagger.
The orc is heavily wounded.
You slash the orc with your +0 long sword!
You kill the orc!
The orc priest mumbles some strange prayers to Beogh against you.
Beogh smites you!
* * * LOW HITPOINT WARNING * * *
The orc priest shouts, "Beogh offers mercy even to people such as you.
Join us and be reborn!"
The orc priest hits you with a +0 whip.
* * * LOW HITPOINT WARNING * * *
Items here: ( ))))) [[[ ††††.
The orc priest shouts, "The Pantheon deserves no one's loyalty.
Let us show you the true path!"
You hit the orc priest with your +0 dagger.
The orc priest is moderately wounded.
You closely miss the orc priest with your +0 long sword.
The orc priest barely misses you.
You hit the orc priest with your +0 long sword.
The orc priest is moderately wounded.
You hit the orc priest but do no damage.
The orc priest mumbles some strange prayers to Beogh against you.
Pain shoots through your body!
You die...

#.... ...........###
.... ..........##
... ..........# ..
.........## #.##
#######..# #..#
#..## #.## #)##
#..#### #.#######
##o@..# ##......).
#####'#####..######.
#............#
#........##.##
#...........#
#.......>.###
..........##
######...#.# #.#.#.#


You could see an orc priest.

Vanquished Creatures
  2 orc wizards (D:3)
  2 adders
  4 dart slugs
  3 orcs
  3 bats
  11 endoplasms
  2 giant cockroaches
  4 goblins
  4 hobgoblins (D:1)
  5 kobolds
  A quokka (D:1)
  3 ball pythons
  4 frilled lizards
  3 rats (D:2)
51 creatures vanquished.

Notes
Turn   | Place    | Note
-------+----------+-------------------------------------------
     0 | D:1      | Dordric the Coglin Gladiator began the quest for the Orb.
     0 | D:1      | Reached XP level 1. HP: 16/16 MP: 1/1
   149 | D:1      | Reached XP level 2. HP: 22/22 MP: 2/2
   381 | D:1      | Reached skill level 4 in Long Blades
   538 | D:1      | Reached XP level 3. HP: 25/27 MP: 3/3
   557 | D:1      | Found a faded altar of an unknown god.
   895 | D:2      | Reached XP level 4. HP: 31/33 MP: 4/4
  1043 | D:3      | Reached skill level 5 in Long Blades
  1211 | D:3      | Reached XP level 5. HP: 13/38 MP: 5/5
  1221 | D:3      | HP: 1/38 [orc priest/divine providence (10)]
  1224 | D:3      | Killed from afar by an orc priest

Illustrated notes

Levels and vault maps discovered:
D:1:      minmay_arrival_plants_in_alcoves, layout_basic,
          dilly_ecumenical_altar_fadedgnrine
D:2:      layout_basic
D:3:      layout_basic, mainiacjoe_overflow_boulevard,
          worldfamousw_hep_ancestral_shrine, amcnicky_altar_lugonu_corruption

Skill      XL: |  1  2  3  4 |
---------------+-------------+-----
Long Blades    | 4 5 |  5.7
Fighting       | |  2.0
Throwing       | |  1.7
Dodging        | |  2.6

Action                     |  1- 3 |  4- 6 || total
---------------------------+-------+-------++-------
  Melee: Long sword        |    62 |    35 ||    97
         Dagger            |    52 |    33 ||    85
 Armour: Leather armour    |    10 |       ||    10
         Ring mail         |    35 |    24 ||    59
  Dodge: Dodged            |    31 |    14 ||    45

Table legend: (Time is in decaauts)
 A = Elapsed time spent in this place.
 B = Non-inter-level travel time spent in this place.
 C = Inter-level travel time spent in this place.
 D = Time resting spent in this place.
 E = Time spent auto-exploring this place.
 F = Levels seen in this place.
 G = Mean time per level.
                   A        B        C        D        E       F      G
               +--------+--------+--------+--------+--------+-----+--------+
         Total |   1226 |   1157 |     69 |      0 |    878 |   3 |  408.7 |
       Dungeon |   1226 |   1157 |     69 |      0 |    878 |   3 |  408.7 |
               +--------+--------+--------+--------+--------+-----+--------+

Top non-repeatable levels by time:
     D:1: 608 daAuts
     D:2: 431 daAuts
     D:3: 186 daAuts
